 Dungeon Crawl Stone Soup version 0.25-a0-340-ga1faa1601d (webtiles) character file.

Game seed: 18156854725255966304, levelgen mode: classic

23923 Borgoz the Basher (level 13, -6/129 HPs)
             Began as a Gargoyle Fighter on Dec 30, 2019.
             Was a Believer of Ashenzari.
             Mangled by a purple ugly thing (7 damage)
             ... on level 14 of the Dungeon.
             The game lasted 00:26:51 (13088 turns).

Borgoz the Basher (Gargoyle Fighter)               Turns: 13088, Time: 00:26:52

Health: -6/129     AC: 26    Str: 23    XL:     13   Next: 9%
Magic:  14/14      EV:  2    Int: 13    God:    Ashenzari [**....]
Gold:   862        SH:  0    Dex: 12    Spells: 12/12 levels left

rFire    . . .     SeeInvis .   a - +0 dire flail
rCold    + . .     Gourm    +   (shield currently unavailable)
rNeg     + + +     Faith    .   (armour currently unavailable)
rPois    ∞         Spirit   .   (helmet currently unavailable)
rElec    .         Reflect  .   (cloak currently unavailable)
rCorr    .         Harm     .   (gloves currently unavailable)
MR       .....     NoTele   +   (boots currently unavailable)
Stlth    +.........             u - amulet of the gourmand
HPRegen  0.31/turn              x - +4 ring of evasion
MPRegen  0.14/turn              v - ring of protection from cold

@: brilliant, tree-form
A: negative energy resistance 1, petrification resistance, rot immunity, AC +9
a: Curse Item, Scrying, Renounce Religion


You were on level 14 of the Dungeon.
You worshipped Ashenzari.
Ashenzari was pleased with you.
You were completely stuffed.
You were a tree.
You visited 3 branches of the dungeon, and saw 16 of its levels.
You also visited: Sewer.

You collected 862 gold pieces.

Inventory:

Hand Weapons
 a - a +0 dire flail (weapon)
 C - the +10 dagger of Irritation {venom, rPois Stlth+}
   (You found it on level 6 of the Dungeon)

   It poisons the flesh of those it strikes.
   It protects you from poison.
   It makes you more stealthy.
 M - the +4 war axe of the Enchanted Forest {protect, SInv}
   (You found it on level 10 of the Dungeon)

   It grants its wielder temporary protection when it strikes (+7 to AC).
   It lets you see invisible.
Armour
 c - a +0 shield
 g - a +0 pair of gloves (melded)
 m - a +1 cloak of poison resistance (melded)
 r - a +0 buckler
 w - a +0 plate armour (melded)
 H - a +0 pair of boots (melded)
 I - a +0 helmet (melded)
Jewellery
 u - an amulet of the gourmand (around neck)
 v - a ring of protection from cold (right branch)
 x - a +4 ring of evasion (left branch)
Wands
 d - a wand of flame (7)
 y - a wand of digging (2)
 B - a wand of iceblast (7)
 E - a wand of random effects (12)
 K - a wand of acid (8)
Scrolls
 b - 3 scrolls of amnesia {unknown}
 e - 7 scrolls of teleportation {unknown}
 h - 4 scrolls of blinking {unknown}
 k - 4 scrolls of magic mapping {unknown}
 l - 2 scrolls of immolation {unknown}
 n - 3 scrolls of fog {unknown}
 q - 2 scrolls of remove curse
 t - a scroll of brand weapon {unknown}
 D - 2 scrolls of enchant armour
 L - a scroll of enchant weapon
Potions
 i - 4 potions of flight
 o - a potion of mutation
 p - 3 potions of curing
 s - 3 potions of brilliance
Comestibles
 f - 25 rations
 j - 9 chunks of flesh


   Skills:
 + Level 12.0 Fighting
 * Level 14.7 Maces & Flails
 + Level 12.0 Armour
 + Level 1.8 Dodging
 - Level 3.2 Shields
 + Level 2.0 Evocations


You had 12 spell levels left.
You didn't know any spells.
Your spell library contained the following spells:

 Spells                   Type           Power        Failure   Level  Hunger
 Animate Skeleton         Necr           N/A          3%          1    ##.....
 Apportation              Tloc           #.....       3%          1    ##.....
 Confusing Touch          Hex            #.....       3%          1    ##.....
 Magic Dart               Conj           #...         3%          1    ##.....
 Sandblast                Erth           #.....       3%          1    ##.....
 Summon Small Mammal      Summ           #...         3%          1    ##.....
 Passwall                 Tmut/Erth      #.......     5%          2    ###....
 Searing Ray              Conj           #.....       5%          2    ###....
 Dazzling Flash           Conj/Hex       #.....       11%         3    ####...
 Stone Arrow              Conj/Erth      #.....       11%         3    ####...
 Fulminant Prism          Conj/Hex       #.........   30%         4    #####..
 Iskenderun's Mystic Bla  Conj/Tloc      #.......     30%         4    #####..
 Petrify                  Tmut/Erth      #.......     30%         4    #####..
 Lee's Rapid Deconstruct  Erth           #.........   58%         5    ######.


Dungeon Overview and Level Annotations

Branches:
Dungeon (14/15)            Temple (1/1) D:7            Lair (0/6) D:11
    Orc (1/2) D:11          Sewer (visited)
 Vaults: D:13-14

Altars:
Ashenzari
Cheibriados
Dithmenos
Elyvilon
Fedhas
Gozag
Hepliaklqana
Kikubaaqudgha
Makhleb
Nemelex Xobeh
Okawaru
Qazlal
Ru
Sif Muna
Trog
Uskayaw
Vehumet
Wu Jian
Xom
Yredelemnul
Zin
The Shining One
Beogh

Annotations:
D:12 Fannar, Frances


Innate Abilities, Weirdness & Mutations

You are resistant to torment.
((Your stone body is resilient. (AC +9)))
You are immune to poison.
You resist negative energy. (rN+)
((You are resistant to electric shocks. (rElec)))
((You can survive without breathing.))
You are immune to petrification.
You are immune to rotting.


Message History

The ice beast hits you but does no damage.
The purple ugly thing trunk-slaps you but does no damage.
You feel better.
The ice beast hits you but does no damage.
The purple ugly thing trunk-slaps you but does no damage.
The purple ugly thing trunk-slaps you.
* * * LOW HITPOINT WARNING * * *
You feel better. The ice beast hits you.
* * * LOW HITPOINT WARNING * * *
The ice beast freezes you. You resist.
* * * LOW HITPOINT WARNING * * *
The purple ugly thing trunk-slaps you!
* * * LOW HITPOINT WARNING * * *
The purple ugly thing trunk-slaps you but does no damage.
You feel better. The ice beast hits you.
* * * LOW HITPOINT WARNING * * *
The ice beast freezes you! You resist.
* * * LOW HITPOINT WARNING * * *
The purple ugly thing trunk-slaps you!
You die...

, ....#...(..##......,
. #.##............. * ,
#.......(.......< , , ,
.....#.[............, ,
, ..## #..............,
,, , ........)####.. ,.
, ...........#.# ....
,..........##...##.....
*
,.........###.#♣u{...#,
,........## ###uYZ.###
*###.....# * ##..##* ,
, , ..., * ,...# ,, ,,*
,* ,, .....,*** , ,
...... , * * .#..... ,
....... * , ,


You could see 2 ugly things, an ice beast and a centaur warrior skeleton.

Vanquished Creatures
  A yaktaur captain (D:11)
  Harold (D:8)
  3 two-headed ogres
  Nergalle (D:12)
  A shadow wraith (D:11)
  An unseen horror (D:11)
  An orc knight (D:11)
  3 ugly things
  2 cyclopes (D:11)
  A manticore (D:9)
  4 molten gargoyles (D:10)
  A gargoyle (D:11)
  2 kobold demonologists (D:13)
  A meliai (shapeshifter) (D:11)
  3 trolls
  2 hornets (D:11)
  Grinder (D:4)
  4 hippogriffs
  Sigmund (D:6)
  2 wyverns
  2 wraiths
  16 yaks
  A basilisk (D:13)
  2 hungry ghosts
  A soldier ant (D:12)
  3 water moccasins
  2 porcupines (D:11)
  18 orc warriors
  6 sky beasts
  An ice beast (D:7)
  A phantom (D:7)
  An eye of draining (D:11)
  2 black bears (D:11)
  11 ogres
  2 necrophages
  4 centaurs
  2 crocodiles
  8 big kobolds
  9 bullfrogs
  6 killer bees (D:7)
  A scorpion (D:5)
  9 wights
  A vampire bat (D:7)
  A howler monkey (D:7)
  2 lava snakes (D:10)
  5 crimson imps
  3 jellies (D:9)
  A quasit (D:10)
  5 hounds
  14 orc priests
  Crazy Yiuf (D:2)
  3 bullfrog skeletons
  2 centaur skeletons
  9 orc wizards
  5 iguanas
  12 worker ants
  2 hound skeletons
  Robin (D:2)
  12 adders
  3 gnolls (D:11)
  A hound simulacrum (D:11)
  A shadow imp (D:11)
  6 oozes
  An adder zombie (D:9)
  2 dart slugs
  6 leopard geckos
  37 orcs
  8 bats
  2 bat skeletons (D:7)
  4 bat zombies (D:7)
  4 giant cockroaches
  17 goblins
  6 hobgoblins
  16 jackals
  28 kobolds
  8 quokkas
  5 ball pythons
  A ball python skeleton (D:5)
  8 frilled lizards
  A quokka zombie (D:9)
  17 rats
405 creatures vanquished.

Vanquished Creatures (others)
  An orc (D:10)
  33 fungi (D:11)
  8 plants (D:11)
42 creatures vanquished.

Grand Total: 447 creatures vanquished

Notes
Turn   | Place    | Note
-------+----------+-------------------------------------------
     0 | D:1      | Borgoz the Gargoyle Fighter began the quest for the Orb.
     0 | D:1      | Reached XP level 1. HP: 14/14 MP: 1/1
    33 | D:1      | Reached XP level 2. HP: 10/19 MP: 2/2
   405 | D:1      | Reached XP level 3. HP: 23/23 MP: 3/3
   614 | D:2      | Noticed Robin
   635 | D:1      | Reached skill level 3 in Maces & Flails
  1050 | D:2      | Found a runed translucent door.
  1051 | D:2      | Noticed Crazy Yiuf
  1058 | D:2      | Killed Crazy Yiuf
  1058 | D:2      | Reached XP level 4. HP: 15/29 MP: 4/4
  1297 | D:2      | Found a faded altar of an unknown god.
  1428 | D:2      | Killed Robin
  1428 | D:2      | Reached XP level 5. HP: 25/33 MP: 5/5
  1767 | D:2      | Reached skill level 4 in Maces & Flails
  2018 | D:2      | Found an ornate altar of the Wu Jian Council.
  2209 | D:3      | Found a glowing drain.
  2218 | Sewer    | Entered a sewer
  2484 | Sewer    | Reached XP level 6. HP: 34/39 MP: 6/6
  3043 | D:3      | Reached skill level 5 in Maces & Flails
  3194 | D:4      | Found a white marble altar of Elyvilon.
  3225 | D:4      | Reached skill level 5 in Fighting
  3234 | D:4      | Reached skill level 5 in Armour
  3234 | D:4      | Reached XP level 7. HP: 30/44 MP: 7/7
  3414 | D:4      | Noticed Grinder
  3416 | D:4      | Paralysed by Grinder for 7 turns
  3426 | D:4      | Killed Grinder
  3426 | D:4      | Reached skill level 6 in Maces & Flails
  3502 | D:4      | Found a shimmering blue altar of Sif Muna.
  3502 | D:4      | Found a hide-covered altar of Uskayaw.
  3619 | D:4      | Found a glowing silver altar of Zin.
  3801 | D:5      | Entered Level 5 of the Dungeon
  3847 | D:5      | Reached XP level 8. HP: 48/51 MP: 8/8
  3894 | D:5      | Reached skill level 7 in Maces & Flails
  3994 | D:5      | Found a shattered altar of Ashenzari.
  4020 | D:5      | Became a worshipper of Ashenzari the Shackled
  4178 | D:5      | Found the +10 Black Knight's horse barding {ponderous,
                  | rPois rN+}
  4477 | D:6      | Found a blossoming altar of Fedhas.
  4477 | D:6      | Noticed Sigmund
  4503 | D:6      | Killed Sigmund
  4657 | D:6      | Reached skill level 8 in Maces & Flails
  4671 | D:6      | Reached XP level 9. HP: 24/56 MP: 9/9
  4906 | D:6      | Found an iron altar of Okawaru.
  5187 | D:6      | Got the dagger of Irritation {venom, rPois Stlth+}
  5188 | D:6      | Identified the +10 dagger of Irritation {venom, rPois
                  | Stlth+} (You found it on level 6 of the Dungeon)
  5579 | D:7      | Reached skill level 9 in Maces & Flails
  5700 | D:7      | Found a shadowy altar of Dithmenos.
  5760 | D:7      | Found a staircase to the Ecumenical Temple.
  5771 | Temple   | Entered the Ecumenical Temple
  5816 | D:7      | Found an ancient bone altar of Kikubaaqudgha.
  5901 | D:7      | Reached * piety under Ashenzari
  6197 | D:7      | Found a shimmering altar of Xom.
  6713 | D:8      | Reached skill level 10 in Maces & Flails
  6713 | D:8      | Reached XP level 10. HP: 57/64 MP: 10/10
  6752 | D:8      | Found a glowing golden altar of the Shining One.
  6859 | D:8      | Noticed Harold
  6894 | D:8      | Killed Harold
  6914 | D:8      | Found a blossoming altar of Fedhas.
  6985 | D:9      | Found a blossoming altar of Fedhas.
  7253 | D:9      | Found a hazy altar of Hepliaklqana.
  7328 | D:9      | Noticed a manticore
  7340 | D:9      | Killed a manticore
  7340 | D:9      | Reached skill level 11 in Maces & Flails
  7356 | D:9      | Found a stormy altar of Qazlal.
  7621 | D:9      | Reached ** piety under Ashenzari
  7627 | D:9      | Reached XP level 11. HP: 71/71 MP: 11/11
  8032 | D:10     | Entered Level 10 of the Dungeon
  8161 | D:10     | Reached skill level 12 in Maces & Flails
  8248 | D:10     | Reached skill level 10 in Fighting
  8438 | D:10     | Reached skill level 10 in Armour
  8976 | D:11     | Noticed a brown ugly thing
  9110 | D:11     | Noticed a cyclops
  9731 | D:10     | Got the war axe of the Enchanted Forest {protect, SInv}
  9738 | D:10     | Identified the +4 war axe of the Enchanted Forest {protect,
                  | SInv} (You found it on level 10 of the Dungeon)
 10138 | D:11     | Killed a cyclops
 10269 | D:11     | Noticed a two-headed ogre
 10281 | D:11     | Killed a two-headed ogre
 10281 | D:11     | Reached skill level 13 in Maces & Flails
 10444 | D:12     | Noticed a two-headed ogre
 10452 | D:12     | Killed a two-headed ogre
 10463 | D:12     | Reached XP level 12. HP: 60/79 MP: 12/12
 10693 | D:11     | Found a staircase to the Lair.
 11172 | D:11     | Found a staircase to the Orcish Mines.
 11187 | Orc:1    | Entered Level 1 of the Orcish Mines
 11468 | D:11     | Noticed a yaktaur captain
 11480 | D:11     | Killed a yaktaur captain
 11480 | D:11     | Reached skill level 14 in Maces & Flails
 12007 | D:11     | Found a roughly hewn altar of Beogh.
 12460 | D:12     | Noticed Nergalle
 12474 | D:12     | Killed Nergalle
 12503 | D:12     | Noticed Frances
 12504 | D:12     | Noticed Fannar
 12549 | D:13     | Noticed a two-headed ogre
 12553 | D:13     | Killed a two-headed ogre
 12553 | D:13     | Reached skill level 1 in Dodging
 12553 | D:13     | Reached skill level 1 in Evocations
 12617 | D:13     | Reached XP level 13. HP: 69/85 MP: 12/14
 13081 | D:14     | HP: 1/129 [ice beast (6)]
 13087 | D:14     | HP: 4/129 [purple ugly thing (8)]
 13088 | D:14     | HP: 1/129 [ice beast (7)]
 13088 | D:14     | Mangled by a purple ugly thing

Levels and vault maps discovered:
D:1:      saegor_arrival_simple_a, layout_rooms, minmay_misc_feat_enclosed,
          hangedman_decor_peaks_small, corexii_corridor_pit,
          grunt_decor_one_mirror
D:2:      lemuel_upstairs_altar, layout_loops_ring,
          chequers_ecumenical_altar_simple, first_ration, uniq_robin,
          uniq_crazy_yiuf_cottage
D:3:      layout_rooms, portal_sewer_entry_e
D:4:      layout_gridville, lemuel_round_altar,
          chequers_temple_overflow_statue_of_worship, elyvilon_altar_5,
          uniq_grinder
D:5:      layout_basic, ashenzari_altar_1, hangedman_abyss_or_decor_stabs
D:6:      layout_loops_ring, kennysheep_mini, basic_altar, uniq_sigmund
D:7:      layout_basic, xom_teletrap_fun, overflow_temple_1_default,
          kennysheep_vampire_church, minmay_temple_entry_nine_rooms
D:8:      layout_rooms, marbit_many_paths, basic_altar, uniq_harold
D:9:      layout_roguey, lemuel_doored_altar, nicolae_qazlal_style_of_elements,
          nicolae_overflow_crystal_walls, hangedman_little_slice_of_home,
          minmay_misc_feat_iff
D:10:     layout_basic, grunt_ministairs_3, minivault_8
D:11:     minmay_mutant_horseshoe, layout_loops_corners,
          due_lair_maze_entry_diamond, orc_0_dummy, special_room
          [special_room_orc]
D:12:     layout_long_grid, maelrawn_ghost_gauntlet_escape, serial_shops, shop,
          uniq_nergalle, uniq_fannar, uniq_frances
D:13:     layout_loops_ring
D:14:     layout_cave_pools, grunt_vaults_entry_tiered, kennysheep_another_room,
          minmay_misc_feat_alley
Temple:   nicolae_temple_figure_zero
Orc:1:    layout_caves

Skill      XL: |  1  2  3  4  5  6  7  8  9 10 11 12 13 |
---------------+----------------------------------------+-----
Maces & Flails | 3 4 5 6 8 10 11 13 14 | 14.7
Fighting       | 4 5 6 8 9 10 11 12 | 12.0
Armour         | 4 5 6 8 9 10 11 12 | 12.0
Dodging        | 1 |  1.8
Evocations     | 1 2 |  2.0
Shields        | |  3.2

Action                   |  1- 3 |  4- 6 |  7- 9 | 10-12 | 13-15 || total
-------------------------+-------+-------+-------+-------+-------++-------
Melee: Flail             |   127 |   304 |   367 |    54 |       ||   852
       Dagger            |       |       |    64 |       |       ||    64
       Whip              |       |       |     4 |    36 |       ||    40
       Morningstar       |       |       |       |   318 |       ||   318
       Dire flail        |       |       |       |   532 |    78 ||   610
Throw: Throwing net      |       |       |       |     4 |     2 ||     6
Evoke: Wand              |       |       |       |     9 |     1 ||    10
  Use: Scroll            |       |     4 |     4 |     7 |       ||    15
       Potion            |       |     2 |     2 |    13 |     6 ||    23
 Stab: Held in net/web   |       |       |       |     2 |       ||     2
       Confused          |       |       |       |     3 |       ||     3
  Eat: Chunk             |     1 |    20 |    15 |    24 |     7 ||    67
Armor: Scale mail        |    86 |   219 |   295 |   189 |       ||   789
       Plate armour      |       |       |       |   181 |    27 ||   208
       Skin              |       |       |       |       |    30 ||    30
Dodge: Dodged            |    55 |   128 |   153 |   325 |    29 ||   690
Block: Shield            |    65 |   209 |   242 |   151 |       ||   667

Table legend:
 A = Non-vault XP
 B = Vault XP
 C = Vault XP percentage of total XP
 D = Non-vault monster count
 E = Vault monster count
 F = Vault count percentage of total count
                 A         B        C        D         E       F
            +---------+---------+-------+---------+---------+-------
      Total |   24003 |   10173 |  29.8 |     294 |     111 |  27.4
            +---------+---------+-------+---------+---------+-------
        D:1 |      41 |       8 |  16.3 |      24 |       4 |  14.3
        D:2 |      81 |      69 |  46.0 |      19 |       9 |  32.1
        D:3 |     122 |       9 |   6.9 |      23 |       8 |  25.8
        D:4 |     422 |     258 |  37.9 |      17 |       1 |   5.6
        D:5 |     612 |       0 |   0.0 |      14 |       0 |   0.0
        D:6 |     753 |     238 |  24.0 |      15 |       1 |   6.2
        D:7 |     847 |      67 |   7.3 |      13 |       7 |  35.0
        D:8 |    1223 |    1013 |  45.3 |      23 |       1 |   4.2
        D:9 |    4203 |     166 |   3.8 |      45 |       8 |  15.1
       D:10 |    2656 |    1975 |  42.6 |      33 |       9 |  21.4
       D:11 |    6584 |    5410 |  45.1 |      31 |      38 |  55.1
       D:12 |    1579 |     812 |  34.0 |      13 |       1 |   7.1
       D:13 |    2556 |       0 |   0.0 |      14 |       0 |   0.0
       D:14 |    1884 |       0 |   0.0 |       6 |       0 |   0.0
      Orc:1 |     440 |       0 |   0.0 |       4 |       0 |   0.0
      Sewer |       0 |     148 | 100.0 |       0 |      24 | 100.0
            +---------+---------+-------+---------+---------+-------
